Mustangs vs River Frogs
(R1)
Created - December 7, 2019 at 23:15
Goals
|
| Mustangs |
2 |
1 |
0 |
1 |
4 |
| River Frogs |
1 |
0 |
2 |
0 |
3 |
|
Shots
|
| Mustangs |
10 |
5 |
7 |
2 |
24 |
| River Frogs |
14 |
6 |
18 |
1 |
39 |
|
1st period
1. Mustangs , Jonathan Drouin 3 (Melker Karlsson 15, Josh Jooris 6) at 0:16
2. Mustangs , Ben Harpur 2 (Iven Barbashev 4, Sam Kurker 1) at 7:45
3. River Frogs , Christian Hanson 12 (Anthony Bitetto 16, Thomas Greiss) at 12:48 (PP)
Penalties :
Melker Karlsson (Ham) for Hooking (Minor) at 2:23, Roman Josi (Ham) for Holding Stick (Minor) at 12:37, Ben Harpur (Ham) for Attempt to injure (Major / Game Misconduct) at 19:17
2nd period
4. Mustangs , Chrstian Dvorak 1 (Stefan Matteau 11) at 11:00
Penalties :
Matthew Finn (Ham) for High sticking (Minor) at 8:26, Anthony Bitetto (Lou) for Tripping (Minor) at 11:03
3rd period
5. River Frogs , Matt Calvert 12 (Christian Hanson 24) at 3:19 (PP)
6. River Frogs , Justin Florek 5 (Anthony Bitetto 17, Christian Hanson 25) at 3:56
Penalties :
Stefan Matteau (Ham) for Tripping (Minor) at 2:40, Justin Florek (Lou) for Hooking (Minor) at 17:20
Overtime #1
7. Mustangs , Nick Schmaltz 7 (Roman Josi 5) at 2:45
Penalties :
No Penalty
Goalie Stats
Anthony Stolarz (Ham), 36 saves from 39 shots - (0.923), W, 3-1-0, 62:45 minutes
Thomas Greiss (Lou), 20 saves from 24 shots - (0.833), OTL, 3-4-1, 62:45 minutes
Players Stats for Mustangs
Player Name G A P +/- PIM S H SB GA TA FO MP PP MP PK MP
------------------------------------------------------------------------------------
Alex Tuch 0 0 0 0 0 0 1 1 0 0 0/1 12:23 0:07 0:00
Alexei Marchenko 0 0 0 2 0 2 4 2 0 0 0/0 29:34 2:31 6:10
Ben Harpur 1 0 1 1 15 1 1 0 0 0 0/0 6:26 0:00 0:41
Chrstian Dvorak 1 0 1 0 0 1 1 0 0 1 0/0 12:56 1:48 0:00
Curtis Hamilton 0 0 0 1 0 0 0 1 0 1 0/0 16:07 0:07 1:45
Dakota Mermis 0 0 0 0 0 0 0 1 0 2 0/0 19:46 0:41 2:08
Iven Barbashev 0 1 1 1 0 1 1 0 0 0 1/1 7:37 0:00 0:00
Jonathan Drouin 1 0 1 1 0 3 1 0 1 0 1/1 16:23 2:03 0:00
Josh Jooris 0 1 1 1 0 1 2 0 4 1 0/0 22:45 2:03 5:04
Matthew Finn 0 0 0 1 2 0 4 1 0 1 0/0 17:01 1:08 1:19
Max Gortz 0 0 0 0 0 0 2 0 0 0 0/0 16:24 1:48 2:47
Melker Karlsson 0 1 1 1 2 5 3 0 2 1 21/40 22:01 2:03 4:03
Nick Schmaltz 1 0 1 1 0 5 1 1 0 1 4/5 15:29 0:00 1:50
Raphael Bussieres 0 0 0 1 0 0 0 0 0 0 0/0 8:15 0:00 0:26
Roman Josi 0 1 1 1 2 3 2 3 1 1 0/0 28:42 1:58 4:33
Ryan Pulock 0 0 0 1 0 0 3 2 0 1 0/0 22:31 1:38 4:28
Sam Kurker 0 1 1 1 0 1 0 0 1 0 0/0 8:57 0:07 0:00
Stefan Matteau 0 1 1 0 2 1 2 2 1 0 7/11 17:51 1:48 3:54
Players Stats for River Frogs
Player Name G A P +/- PIM S H SB GA TA FO MP PP MP PK MP
------------------------------------------------------------------------------------
Aaron Ness 0 0 0 0 0 2 0 0 0 1 0/0 19:21 3:48 0:36
Andrew Gordon 0 0 0 0 0 0 1 0 0 0 0/0 1:11 1:03 0:00
Anthony Bitetto 0 2 2 -1 2 0 3 1 0 1 0/0 25:58 5:16 1:23
Austin Watson 0 0 0 -1 0 2 0 0 2 0 0/0 12:14 0:00 0:00
Beau Starrett 0 0 0 0 0 0 0 0 0 0 0/0 0:00 0:00 0:00
Borna Rendulic 0 0 0 -1 0 5 0 0 0 0 0/0 12:14 0:00 0:00
Christian Hanson 1 2 3 0 0 3 1 0 0 1 13/22 19:37 4:51 2:00
David Kolomatis 0 0 0 -1 0 2 1 0 1 2 0/0 19:46 1:52 0:55
Dillon Heatherington 0 0 0 -1 0 2 0 1 0 0 0/0 9:43 0:00 0:48
Emerson Etem 0 0 0 -1 0 5 2 0 2 0 0/2 22:09 4:51 1:56
Francis Perron 0 0 0 0 0 0 0 0 0 1 0/0 1:42 0:57 0:00
Jared Knight 0 0 0 -1 0 0 0 0 0 0 2/5 12:47 0:11 0:16
Joakim Nordstrom 0 0 0 0 0 1 2 0 0 0 0/0 9:08 0:20 0:39
Justin Florek 1 0 1 0 2 2 0 0 0 0 0/0 15:08 3:48 0:00
Leon Draisaitl 0 0 0 -2 0 4 0 0 1 1 9/24 19:57 3:48 1:00
Mario Lucia 0 0 0 0 0 0 0 0 0 0 0/0 1:59 0:58 0:00
Matt Calvert 1 0 1 -2 0 5 2 1 0 0 1/4 21:03 4:53 1:00
Maxim Mamin 0 0 0 0 0 0 0 0 0 0 0/0 1:16 0:00 1:05
Morgan Rielly 0 0 0 -1 0 0 0 0 1 1 0/0 9:35 0:56 2:24
Ondrej Kase 0 0 0 0 0 0 1 0 0 0 0/0 14:54 3:41 0:00
Richard Nejezchleb 0 0 0 0 0 0 0 1 0 0 0/0 7:55 0:00 0:00
Ryan Fitzgerald 0 0 0 0 0 2 1 1 0 0 0/2 7:55 0:00 0:00
Shane Sims 0 0 0 0 0 1 0 3 1 1 0/0 19:21 3:48 0:36
Shea Theodore 0 0 0 -1 0 2 0 0 0 0 0/0 11:25 0:00 1:14
Timothy Kunes 0 0 0 -1 0 1 1 3 2 1 0/0 10:42 3:54 0:00
3 Stars
1 - Christian Hanson (Lou)
2 - Nick Schmaltz (Ham)
3 - Jonathan Drouin (Ham)
Power Play
Mustangs - 0 on 2 Attempt(s) - 0.00%
River Frogs - 2 on 5 Attempt(s) - 40.00%
Penalty Kill
Mustangs - 3 on 5 Attempt(s) - 60.00%
- Score 0 goal in Penalty Kill
River Frogs - 2 on 2 Attempt(s) - 100.00%
- Score 0 goal in Penalty Kill
Team Stat
Mustangs - Hits : 28 - Faceoff Wins : 34 - Blocked Shots : 14 - Penalty Minutes : 23
River Frogs - Hits : 15 - Faceoff Wins : 25 - Blocked Shots : 11 - Penalty Minutes : 4
Official
Referees : Unknown
Linesman : Unknown
Game Notes
Ben Harpur ejected from game at 19:17 of 1st period
Timothy Kunes is injured at 7:22 of 2nd period (Right Ankle)
Finance
Level 1 -- Attendance: 1457 (72.85%) -- Ticket Income $58,280
Level 2 -- Attendance: 797 (79.70%) -- Ticket Income $15,940
Total Attendance: 2254 (75.13%)
Total Ticket Income: $74,220
Other Income: $3,711
Total Income: $77,931
Mustangs
5 vs 5 Forward
Center Left Wing Right Wing Time % Phy DF OF
1 Melker Karlsson Jonathan Drouin Josh Jooris 40 1 2 2
2 Stefan Matteau Chrstian Dvorak Max Gortz 30 1 2 2
3 Nick Schmaltz Curtis Hamilton Alex Tuch 20 1 2 2
4 Iven Barbashev Raphael Bussieres Sam Kurker 10 1 2 2
5 vs 5 Defense
Defense Defense Time % Phy DF OF
1 Roman Josi Alexei Marchenko 44 1 2 2
2 Ryan Pulock Ben Harpur 33 1 2 2
3 Dakota Mermis Matthew Finn 23 1 2 2
4 Roman Josi Alexei Marchenko 0 1 2 2
PowerPlay Forward
Center Left Wing Right Wing Time % Phy DF OF
1 Melker Karlsson Jonathan Drouin Josh Jooris 60 1 2 2
2 Stefan Matteau Chrstian Dvorak Max Gortz 40 1 2 2
PowerPlay Defense
Defense Defense Time % Phy DF OF
1 Roman Josi Alexei Marchenko 60 1 2 2
2 Ryan Pulock Ben Harpur 40 1 2 2
Penalty Kill 4 Players Forward
Center Wing Time % Phy DF OF
1 Melker Karlsson Josh Jooris 60 1 2 2
2 Stefan Matteau Max Gortz 40 1 2 2
Penalty Kill 4 Players Defense
Defense Defense Time % Phy DF OF
1 Roman Josi Alexei Marchenko 60 1 2 2
2 Ryan Pulock Ben Harpur 40 1 2 2
Penalty Kill - 3 Players Forward
Forward Time % Phy DF OF
1 Melker Karlsson 60 1 2 2
2 Stefan Matteau 40 1 2 2
Penalty Kill - 3 Players Defense
Defense Defense Time % Phy DF OF
1 Roman Josi Alexei Marchenko 60 1 2 2
2 Ryan Pulock Ben Harpur 40 1 2 2
4 vs 4 Forward
Center Wing Time % Phy DF OF
1 Melker Karlsson Josh Jooris 60 1 2 2
2 Stefan Matteau Max Gortz 40 1 2 2
4 vs 4 Defense
Defense Defense Time % Phy DF OF
1 Roman Josi Alexei Marchenko 60 1 2 2
2 Ryan Pulock Ben Harpur 40 1 2 2
Last Minutes Offensive
Center Left Wing Right Wing Defense Defense
Melker Karlsson Jonathan Drouin Josh Jooris Roman Josi Alexei Marchenko
Last Minutes Defensive
Center Left Wing Right Wing Defense Defense
Melker Karlsson Chrstian Dvorak Josh Jooris Ben Harpur Alexei Marchenko
Goaltenders
Starting : Anthony Stolarz
Backup : Chet Pickard
Extra Forwards
Normal : Melker Karlsson, Stefan Matteau, Nick Schmaltz - PP : Chrstian Dvorak, Alex Tuch - PK : Melker Karlsson
Extra Defensemen
Normal : Roman Josi, Ben Harpur, Dakota Mermis - PP : Roman Josi - PK : Alexei Marchenko, Ben Harpur
Penalty Shots
Josh Jooris, Melker Karlsson, Stefan Matteau, Chrstian Dvorak, Jonathan Drouin
Scratches
Ryan Graves (Healthy), Danny Biega (Healthy), Jim O'Brien (Healthy), Kurtis Gabriel (Healthy), Michael McCarron (Healthy)
JT Compher (Right Hand Injury), Josh Ho-Sang (Healthy), Brett Pollock (Healthy), Steven Spinner (Healthy), Joacim Eriksson (Healthy)
River Frogs
5 vs 5 Forward
Center Left Wing Right Wing Time % Phy DF OF
1 Leon Draisaitl Matt Calvert Emerson Etem 40 1 2 2
2 Christian Hanson Justin Florek Ondrej Kase 30 1 2 2
3 Jared Knight Austin Watson Borna Rendulic 20 1 2 2
4 Ryan Fitzgerald Joakim Nordstrom Richard Nejezchleb 10 1 2 2
5 vs 5 Defense
Defense Defense Time % Phy DF OF
1 Anthony Bitetto Timothy Kunes 40 1 2 2
2 Shane Sims Aaron Ness 30 1 2 2
3 David Kolomatis Morgan Rielly 20 1 2 2
4 Shea Theodore Dillon Heatherington 10 1 2 2
PowerPlay Forward
Center Left Wing Right Wing Time % Phy DF OF
1 Christian Hanson Matt Calvert Emerson Etem 60 1 2 2
2 Leon Draisaitl Justin Florek Ondrej Kase 40 1 2 2
PowerPlay Defense
Defense Defense Time % Phy DF OF
1 Anthony Bitetto Timothy Kunes 60 1 2 2
2 Shane Sims Aaron Ness 40 1 2 2
Penalty Kill 4 Players Forward
Center Wing Time % Phy DF OF
1 Christian Hanson Emerson Etem 60 1 2 2
2 Leon Draisaitl Matt Calvert 40 1 2 2
Penalty Kill 4 Players Defense
Defense Defense Time % Phy DF OF
1 Anthony Bitetto Timothy Kunes 60 1 2 2
2 Shane Sims Aaron Ness 40 1 2 2
Penalty Kill - 3 Players Forward
Forward Time % Phy DF OF
1 Christian Hanson 60 1 2 2
2 Emerson Etem 40 1 2 2
Penalty Kill - 3 Players Defense
Defense Defense Time % Phy DF OF
1 Anthony Bitetto Timothy Kunes 60 1 2 2
2 Shane Sims Aaron Ness 40 1 2 2
4 vs 4 Forward
Center Wing Time % Phy DF OF
1 Christian Hanson Emerson Etem 60 1 2 2
2 Leon Draisaitl Matt Calvert 40 1 2 2
4 vs 4 Defense
Defense Defense Time % Phy DF OF
1 Anthony Bitetto Timothy Kunes 60 1 2 2
2 Shane Sims Aaron Ness 40 1 2 2
Last Minutes Offensive
Center Left Wing Right Wing Defense Defense
Christian Hanson Matt Calvert Emerson Etem Anthony Bitetto Timothy Kunes
Last Minutes Defensive
Center Left Wing Right Wing Defense Defense
Christian Hanson Matt Calvert Emerson Etem Anthony Bitetto Timothy Kunes
Goaltenders
Starting : Thomas Greiss
Backup : Phoenix Copley
Extra Forwards
Normal : Mario Lucia, Francis Perron, Maxim Mamin - PP : Mario Lucia, Francis Perron - PK : Maxim Mamin
Extra Defensemen
Normal : David Kolomatis, Morgan Rielly, Shea Theodore - PP : David Kolomatis - PK : Morgan Rielly, Shea Theodore
Penalty Shots
Christian Hanson, Emerson Etem, Leon Draisaitl, Matt Calvert, Justin Florek
Scratches
None
% Time on Ice - Mustangs
Lines # - Real PCT - Wanted PCT - Time Play
Normal Forward
1 - 33% - 40% - 15:23
2 - 24% - 30% - 11:14
3 - 26% - 20% - 12:01
4 - 16% - 10% - 7:37
Normal Defense
1 - 36% - 44% - 16:34
2 - 41% - 33% - 19:01
3 - 23% - 23% - 10:40
4 - 0% - 0% - 0:00
PP Forward
1 - 55% - 60% - 2:10
2 - 45% - 40% - 1:48
PP Defense
1 - 32% - 60% - 1:16
2 - 68% - 40% - 2:42
PK Forward
1 - 72% - 60% - 7:00
2 - 28% - 40% - 2:47
PK Defense
1 - 46% - 60% - 4:29
2 - 54% - 40% - 5:18
PK3 Forward
1 - 0% - 60%
2 - 0% - 40%
PK3 Defense
1 - 0% - 60%
2 - 0% - 40%
44 Forward
1 - 79% - 60% - 2:10
2 - 21% - 40% - 0:35
44 Defense
1 - 51% - 60% - 1:24
2 - 49% - 40% - 1:21
Last Minute Offensive - 0:00
Last Minute Defensive - 0:00
Total
Forward - 62:45
Defense - 62:45
|
% Time on Ice - River Frogs
Lines # - Real PCT - Wanted PCT - Time Play
Normal Forward
1 - 31% - 40% - 14:31
2 - 25% - 30% - 11:35
3 - 26% - 20% - 12:14
4 - 17% - 10% - 7:55
Normal Defense
1 - 39% - 40% - 17:57
2 - 29% - 30% - 13:36
3 - 13% - 20% - 5:57
4 - 19% - 10% - 8:45
PP Forward
1 - 61% - 60% - 5:59
2 - 39% - 40% - 3:48
PP Defense
1 - 56% - 60% - 5:27
2 - 44% - 40% - 4:20
PK Forward
1 - 75% - 60% - 2:58
2 - 25% - 40% - 1:00
PK Defense
1 - 85% - 60% - 3:22
2 - 15% - 40% - 0:36
PK3 Forward
1 - 0% - 60%
2 - 0% - 40%
PK3 Defense
1 - 0% - 60%
2 - 0% - 40%
44 Forward
1 - 78% - 60% - 2:09
2 - 22% - 40% - 0:36
44 Defense
1 - 51% - 60% - 1:24
2 - 49% - 40% - 1:21
Last Minute Offensive - 0:00
Last Minute Defensive - 0:00
Total
Forward - 62:45
Defense - 62:45
|
Play-by-Play
1st period
0:01 of 1st period - Melker Karlsson wins face-off versus Leon Draisaitl in neutral zone.
0:04 of 1st period - Wrist shot by Roman Josi.
0:04 of 1st period - Shot Blocked by Timothy Kunes.
0:06 of 1st period - Slapshot by Roman Josi.
0:06 of 1st period - Shot Misses the Net.
0:16 of 1st period - Snap shot by Jonathan Drouin.
0:16 of 1st period - Goal by Jonathan Drouin - Mustangs : 1 - River Frogs : 0.
0:17 of 1st period - Stefan Matteau wins face-off versus Christian Hanson in neutral zone.
0:32 of 1st period - Wrist shot by Stefan Matteau.
0:32 of 1st period - Deflect By Max Gortz.
0:32 of 1st period - Shot Misses the Net.
0:32 of 1st period - Puck is out of play.
0:33 of 1st period - Nick Schmaltz wins face-off versus Jared Knight in River Frogs zone.
0:52 of 1st period - David Kolomatis is hit by Matthew Finn and loses puck.
1:25 of 1st period - Slapshot by Austin Watson.
1:25 of 1st period - Shot Misses the Net.
1:27 of 1st period - Slapshot by David Kolomatis.
1:27 of 1st period - Shot Blocked by Alex Tuch.
1:39 of 1st period - Snap shot by Jared Knight.
1:39 of 1st period - Deflect By Austin Watson.
1:39 of 1st period - Stopped by Anthony Stolarz with a rebound.
1:41 of 1st period - Snap shot by David Kolomatis.
1:41 of 1st period - Shot Blocked by Dakota Mermis.
1:43 of 1st period - Snap shot by Borna Rendulic.
1:43 of 1st period - Stopped by Anthony Stolarz with a rebound.
2:07 of 1st period - Backhand shot by Borna Rendulic.
2:07 of 1st period - Shot Misses the Net.
2:09 of 1st period - Slapshot by David Kolomatis.
2:09 of 1st period - Stopped by Anthony Stolarz without a rebound.
2:10 of 1st period - Leon Draisaitl wins face-off versus Melker Karlsson in Mustangs zone.
2:21 of 1st period - Wrist shot by Leon Draisaitl.
2:21 of 1st period - Stopped by Anthony Stolarz with a rebound.
2:23 of 1st period - Minor Penalty to Melker Karlsson for Hooking.
2:24 of 1st period - Stefan Matteau wins face-off versus Christian Hanson in Mustangs zone.
2:33 of 1st period - Wrist shot by Matt Calvert.
2:33 of 1st period - Stopped by Anthony Stolarz with a rebound.
2:35 of 1st period - Slapshot by Timothy Kunes.
2:35 of 1st period - Stopped by Anthony Stolarz without a rebound.
2:36 of 1st period - Christian Hanson wins face-off versus Stefan Matteau in Mustangs zone.
3:04 of 1st period - Off-side.
3:05 of 1st period - Stefan Matteau wins face-off versus Leon Draisaitl in neutral zone.
3:26 of 1st period - Snap shot by Leon Draisaitl.
3:26 of 1st period - Deflect By Ondrej Kase.
3:26 of 1st period - Shot Blocked by Stefan Matteau.
3:26 of 1st period - Puck is out of play.
3:27 of 1st period - Stefan Matteau wins face-off versus Christian Hanson in Mustangs zone.
3:52 of 1st period - Timothy Kunes is hit by Alexei Marchenko.
4:14 of 1st period - Snap shot by Nick Schmaltz.
4:14 of 1st period - Stopped by Thomas Greiss without a rebound.
4:15 of 1st period - Christian Hanson wins face-off versus Nick Schmaltz in River Frogs zone.
4:23 of 1st period - Penalty to Melker Karlsson is over, Melker Karlsson is back on ice.
7:01 of 1st period - Roman Josi is hit by Anthony Bitetto and loses puck.
7:08 of 1st period - Snap shot by Alexei Marchenko.
7:08 of 1st period - Stopped by Thomas Greiss with a rebound.
7:43 of 1st period - Wrist shot by Iven Barbashev.
7:43 of 1st period - Shot Misses the Net.
7:45 of 1st period - Slapshot by Ben Harpur.
7:45 of 1st period - Deflect By Shea Theodore.
7:45 of 1st period - Goal by Ben Harpur - Mustangs : 2 - River Frogs : 0.
7:46 of 1st period - Leon Draisaitl wins face-off versus Melker Karlsson in neutral zone.
7:51 of 1st period - Wrist shot by Emerson Etem.
7:51 of 1st period - Stopped by Anthony Stolarz with a rebound.
8:11 of 1st period - Anthony Bitetto is hit by Alexei Marchenko and loses puck.
8:16 of 1st period - Wrist shot by Max Gortz.
8:16 of 1st period - Shot Misses the Net.
9:22 of 1st period - Ondrej Kase is hit by Josh Jooris and loses puck.
9:41 of 1st period - David Kolomatis is hit by Stefan Matteau and loses puck.
10:08 of 1st period - Ryan Fitzgerald is hit by Ben Harpur and loses puck.
10:27 of 1st period - Snap shot by Nick Schmaltz.
10:27 of 1st period - Stopped by Thomas Greiss with a rebound.
10:45 of 1st period - Wrist shot by Matt Calvert.
10:45 of 1st period - Shot Misses the Net.
10:56 of 1st period - Icing by Roman Josi.
10:57 of 1st period - Melker Karlsson wins face-off versus Jared Knight in Mustangs zone.
11:54 of 1st period - Backhand shot by Sam Kurker.
11:54 of 1st period - Stopped by Thomas Greiss without a rebound.
11:55 of 1st period - Christian Hanson wins face-off versus Stefan Matteau in River Frogs zone.
12:00 of 1st period - Backhand shot by Justin Florek.
12:00 of 1st period - Stopped by Anthony Stolarz without a rebound.
12:01 of 1st period - Stefan Matteau wins face-off versus Christian Hanson in Mustangs zone.
12:01 of 1st period - Stefan Matteau is hit by Christian Hanson.
12:11 of 1st period - Snap shot by Christian Hanson.
12:11 of 1st period - Stopped by Anthony Stolarz without a rebound.
12:12 of 1st period - Leon Draisaitl wins face-off versus Melker Karlsson in Mustangs zone.
12:22 of 1st period - Off-side.
12:23 of 1st period - Melker Karlsson wins face-off versus Leon Draisaitl in neutral zone.
12:28 of 1st period - Slapshot by Jonathan Drouin.
12:28 of 1st period - Shot Misses the Net.
12:37 of 1st period - Minor Penalty to Roman Josi for Holding Stick.
12:38 of 1st period - Melker Karlsson wins face-off versus Matt Calvert in Mustangs zone.
12:48 of 1st period - Wrist shot by Christian Hanson.
12:48 of 1st period - Goal by Christian Hanson - Mustangs : 2 - River Frogs : 1.
12:49 of 1st period - Melker Karlsson wins face-off versus Emerson Etem in neutral zone.
13:00 of 1st period - Slapshot by Leon Draisaitl.
13:00 of 1st period - Stopped by Anthony Stolarz without a rebound.
13:01 of 1st period - Leon Draisaitl wins face-off versus Melker Karlsson in Mustangs zone.
13:29 of 1st period - Anthony Bitetto is hit by Stefan Matteau and loses puck.
13:51 of 1st period - Off-side.
13:52 of 1st period - Nick Schmaltz wins face-off versus Ryan Fitzgerald in neutral zone.
14:07 of 1st period - Snap shot by Curtis Hamilton.
14:07 of 1st period - Shot Blocked by Shane Sims.
14:28 of 1st period - Backhand shot by Joakim Nordstrom.
14:28 of 1st period - Stopped by Anthony Stolarz without a rebound.
14:29 of 1st period - Melker Karlsson wins face-off versus Emerson Etem in Mustangs zone.
14:54 of 1st period - Roman Josi is hit by Anthony Bitetto and loses puck.
15:16 of 1st period - Off-side.
15:17 of 1st period - Nick Schmaltz wins face-off versus Jared Knight in neutral zone.
15:43 of 1st period - Snap shot by Borna Rendulic.
15:43 of 1st period - Stopped by Anthony Stolarz with a rebound.
15:45 of 1st period - Slapshot by Morgan Rielly.
15:45 of 1st period - Shot Misses the Net.
15:47 of 1st period - Slapshot by David Kolomatis.
15:47 of 1st period - Shot Misses the Net.
15:49 of 1st period - Wrist shot by Borna Rendulic.
15:49 of 1st period - Stopped by Anthony Stolarz with a rebound.
16:50 of 1st period - Dillon Heatherington is hit by Alexei Marchenko and loses puck.
16:55 of 1st period - Snap shot by Curtis Hamilton.
16:55 of 1st period - Shot Misses the Net.
16:57 of 1st period - Snap shot by Alexei Marchenko.
16:57 of 1st period - Shot Misses the Net.
17:19 of 1st period - Jared Knight is hit by Nick Schmaltz and loses puck.
17:32 of 1st period - Slapshot by Curtis Hamilton.
17:32 of 1st period - Shot Misses the Net.
17:34 of 1st period - Slapshot by Roman Josi.
17:34 of 1st period - Shot Blocked by Dillon Heatherington.
17:36 of 1st period - Wrist shot by Nick Schmaltz.
17:36 of 1st period - Stopped by Thomas Greiss with a rebound.
17:50 of 1st period - Slapshot by Jared Knight.
17:50 of 1st period - Shot Misses the Net.
18:34 of 1st period - Slapshot by Roman Josi.
18:34 of 1st period - Shot Misses the Net.
18:36 of 1st period - Slapshot by Roman Josi.
18:36 of 1st period - Stopped by Thomas Greiss with a rebound.
18:44 of 1st period - Slapshot by Alexei Marchenko.
18:44 of 1st period - Deflect By Nick Schmaltz.
18:44 of 1st period - Shot Misses the Net.
18:44 of 1st period - Puck is out of play.
18:45 of 1st period - Melker Karlsson wins face-off versus Leon Draisaitl in River Frogs zone.
18:46 of 1st period - Snap shot by Josh Jooris.
18:46 of 1st period - Shot Misses the Net.
18:48 of 1st period - Slapshot by Melker Karlsson.
18:48 of 1st period - Stopped by Thomas Greiss with a rebound.
18:50 of 1st period - Snap shot by Josh Jooris.
18:50 of 1st period - Shot Misses the Net.
18:52 of 1st period - Slapshot by Melker Karlsson.
18:52 of 1st period - Shot Misses the Net.
18:54 of 1st period - Wrist shot by Dakota Mermis.
18:54 of 1st period - Shot Blocked by Timothy Kunes.
18:56 of 1st period - Snap shot by Melker Karlsson.
18:56 of 1st period - Deflect By Josh Jooris.
18:56 of 1st period - Shot Misses the Net.
18:56 of 1st period - Puck is out of play.
18:57 of 1st period - Melker Karlsson wins face-off versus Leon Draisaitl in River Frogs zone.
18:58 of 1st period - Wrist shot by Jonathan Drouin.
18:58 of 1st period - Stopped by Thomas Greiss without a rebound.
18:59 of 1st period - Melker Karlsson wins face-off versus Matt Calvert in River Frogs zone.
19:17 of 1st period - Major / Game Misconduct Penalty to Ben Harpur for Attempt to injure.
19:17 of 1st period - Ben Harpur is ejected from game.
19:18 of 1st period - Christian Hanson wins face-off versus Melker Karlsson in Mustangs zone.
19:24 of 1st period - Melker Karlsson is hit by Emerson Etem.
Goals for this period are 2 for Mustangs vs 1 for River Frogs.
Shots for this period are 10 for Mustangs vs 14 for River Frogs.
2nd period
0:01 of 2nd period - Melker Karlsson wins face-off versus Christian Hanson in neutral zone.
0:04 of 2nd period - Snap shot by Alexei Marchenko.
0:04 of 2nd period - Stopped by Thomas Greiss without a rebound.
0:05 of 2nd period - Christian Hanson wins face-off versus Melker Karlsson in River Frogs zone.
0:52 of 2nd period - Snap shot by Timothy Kunes.
0:52 of 2nd period - Shot Misses the Net.
1:32 of 2nd period - Shane Sims is hit by Ryan Pulock and loses puck.
1:59 of 2nd period - Emerson Etem is hit by Roman Josi.
2:51 of 2nd period - Melker Karlsson is hit by Andrew Gordon and loses puck.
4:17 of 2nd period - Penalty to Ben Harpur is over, Sam Kurker is send on ice.
4:27 of 2nd period - Wrist shot by Nick Schmaltz.
4:27 of 2nd period - Shot Blocked by Ryan Fitzgerald.
5:55 of 2nd period - Max Gortz is hit by Timothy Kunes and loses puck.
6:37 of 2nd period - Icing by Dakota Mermis.
6:38 of 2nd period - Melker Karlsson wins face-off versus Christian Hanson in Mustangs zone.
7:22 of 2nd period - Wrist shot by Stefan Matteau.
7:22 of 2nd period - Shot Blocked by Timothy Kunes.
7:22 of 2nd period - Timothy Kunes from River Frogs is injured at 7:22 of 2nd period (Right Ankle).
7:23 of 2nd period - Melker Karlsson wins face-off versus Leon Draisaitl in River Frogs zone.
8:20 of 2nd period - Snap shot by Joakim Nordstrom.
8:20 of 2nd period - Shot Misses the Net.
8:26 of 2nd period - Minor Penalty to Matthew Finn for High sticking.
8:27 of 2nd period - Christian Hanson wins face-off versus Melker Karlsson in Mustangs zone.
8:32 of 2nd period - Snap shot by Emerson Etem.
8:32 of 2nd period - Stopped by Anthony Stolarz with a rebound.
10:26 of 2nd period - Penalty to Matthew Finn is over, Matthew Finn is back on ice.
10:41 of 2nd period - Snap shot by Sam Kurker.
10:41 of 2nd period - Shot Misses the Net.
10:43 of 2nd period - Wrist shot by Roman Josi.
10:43 of 2nd period - Stopped by Thomas Greiss with a rebound.
11:00 of 2nd period - Snap shot by Chrstian Dvorak.
11:00 of 2nd period - Goal by Chrstian Dvorak - Mustangs : 3 - River Frogs : 1.
11:01 of 2nd period - Leon Draisaitl wins face-off versus Melker Karlsson in neutral zone.
11:03 of 2nd period - Minor Penalty to Anthony Bitetto for Tripping.
11:04 of 2nd period - Melker Karlsson wins face-off versus Christian Hanson in River Frogs zone.
12:22 of 2nd period - Stefan Matteau is hit by Emerson Etem and loses puck.
12:39 of 2nd period - Matthew Finn is hit by Joakim Nordstrom and loses puck.
13:02 of 2nd period - Dillon Heatherington is hit by Alex Tuch and loses puck.
13:03 of 2nd period - Penalty to Anthony Bitetto is over, Anthony Bitetto is back on ice.
13:24 of 2nd period - Snap shot by Sam Kurker.
13:24 of 2nd period - Deflect By Iven Barbashev.
13:24 of 2nd period - Shot Hit the Post.
13:24 of 2nd period - Puck is out of play.
13:25 of 2nd period - Iven Barbashev wins face-off versus Ryan Fitzgerald in River Frogs zone.
13:26 of 2nd period - Slapshot by Alexei Marchenko.
13:26 of 2nd period - Shot Blocked by Richard Nejezchleb.
14:05 of 2nd period - Icing by Alexei Marchenko.
14:06 of 2nd period - Jared Knight wins face-off versus Melker Karlsson in Mustangs zone.
14:21 of 2nd period - Wrist shot by Melker Karlsson.
14:21 of 2nd period - Shot Misses the Net.
14:41 of 2nd period - Slapshot by Aaron Ness.
14:41 of 2nd period - Stopped by Anthony Stolarz with a rebound.
14:43 of 2nd period - Snap shot by Aaron Ness.
14:43 of 2nd period - Stopped by Anthony Stolarz with a rebound.
14:45 of 2nd period - Wrist shot by Shane Sims.
14:45 of 2nd period - Shot Misses the Net.
14:47 of 2nd period - Snap shot by Shane Sims.
14:47 of 2nd period - Stopped by Anthony Stolarz with a rebound.
15:03 of 2nd period - Slapshot by Shane Sims.
15:03 of 2nd period - Shot Misses the Net.
15:15 of 2nd period - Slapshot by Aaron Ness.
15:15 of 2nd period - Deflect By Borna Rendulic.
15:15 of 2nd period - Shot Blocked by Roman Josi.
15:15 of 2nd period - Puck is out of play.
15:16 of 2nd period - Leon Draisaitl wins face-off versus Melker Karlsson in Mustangs zone.
15:17 of 2nd period - Snap shot by Matt Calvert.
15:17 of 2nd period - Stopped by Anthony Stolarz without a rebound.
15:18 of 2nd period - Melker Karlsson wins face-off versus Leon Draisaitl in Mustangs zone.
15:33 of 2nd period - Snap shot by Matt Calvert.
15:33 of 2nd period - Stopped by Anthony Stolarz without a rebound.
15:34 of 2nd period - Christian Hanson wins face-off versus Stefan Matteau in Mustangs zone.
15:35 of 2nd period - Wrist shot by Justin Florek.
15:35 of 2nd period - Shot Blocked by Roman Josi.
15:59 of 2nd period - Matt Calvert is hit by Jonathan Drouin and loses puck.
16:26 of 2nd period - Joakim Nordstrom is hit by Matthew Finn and loses puck.
16:48 of 2nd period - Snap shot by Christian Hanson.
16:48 of 2nd period - Shot Blocked by Ryan Pulock.
17:09 of 2nd period - Shea Theodore is hit by Ryan Pulock and loses puck.
17:28 of 2nd period - Emerson Etem is hit by Melker Karlsson and loses puck.
17:55 of 2nd period - Snap shot by Iven Barbashev.
17:55 of 2nd period - Stopped by Thomas Greiss with a rebound.
17:57 of 2nd period - Slapshot by Sam Kurker.
17:57 of 2nd period - Shot Misses the Net.
18:11 of 2nd period - Shane Sims is hit by Chrstian Dvorak and loses puck.
18:30 of 2nd period - Austin Watson is hit by Melker Karlsson and loses puck.
18:35 of 2nd period - Snap shot by Melker Karlsson.
18:35 of 2nd period - Stopped by Thomas Greiss with a rebound.
18:37 of 2nd period - Snap shot by Melker Karlsson.
18:37 of 2nd period - Shot Blocked by Shane Sims.
Goals for this period are 1 for Mustangs vs 0 for River Frogs.
Shots for this period are 5 for Mustangs vs 6 for River Frogs.
3rd period
0:01 of 3rd period - Melker Karlsson wins face-off versus Leon Draisaitl in neutral zone.
0:04 of 3rd period - Snap shot by Josh Jooris.
0:04 of 3rd period - Deflect By Melker Karlsson.
0:04 of 3rd period - Shot Misses the Net.
0:04 of 3rd period - Puck is out of play.
0:05 of 3rd period - Melker Karlsson wins face-off versus Leon Draisaitl in River Frogs zone.
0:10 of 3rd period - Snap shot by Melker Karlsson.
0:10 of 3rd period - Stopped by Thomas Greiss with a rebound.
0:16 of 3rd period - Snap shot by Josh Jooris.
0:16 of 3rd period - Shot Misses the Net.
0:18 of 3rd period - Snap shot by Jonathan Drouin.
0:18 of 3rd period - Shot Misses the Net.
0:20 of 3rd period - Slapshot by Roman Josi.
0:20 of 3rd period - Shot Blocked by Anthony Bitetto.
0:56 of 3rd period - Slapshot by Richard Nejezchleb.
0:56 of 3rd period - Shot Blocked by Curtis Hamilton.
0:58 of 3rd period - Snap shot by Ryan Fitzgerald.
0:58 of 3rd period - Shot Misses the Net.
1:37 of 3rd period - Slapshot by Christian Hanson.
1:37 of 3rd period - Shot Misses the Net.
1:49 of 3rd period - Snap shot by Ondrej Kase.
1:49 of 3rd period - Shot Misses the Net.
2:03 of 3rd period - Wrist shot by Iven Barbashev.
2:03 of 3rd period - Shot Blocked by Shane Sims.
2:40 of 3rd period - Minor Penalty to Stefan Matteau for Tripping.
2:41 of 3rd period - Melker Karlsson wins face-off versus Christian Hanson in Mustangs zone.
3:15 of 3rd period - Slapshot by Leon Draisaitl.
3:15 of 3rd period - Shot Misses the Net.
3:17 of 3rd period - Slapshot by David Kolomatis.
3:17 of 3rd period - Stopped by Anthony Stolarz without a rebound.
3:18 of 3rd period - Christian Hanson wins face-off versus Melker Karlsson in Mustangs zone.
3:19 of 3rd period - Wrist shot by Matt Calvert.
3:19 of 3rd period - Goal by Matt Calvert - Mustangs : 3 - River Frogs : 2.
3:20 of 3rd period - Jonathan Drouin wins face-off versus Matt Calvert in neutral zone.
3:56 of 3rd period - Snap shot by Justin Florek.
3:56 of 3rd period - Goal by Justin Florek - Mustangs : 3 - River Frogs : 3.
3:57 of 3rd period - Leon Draisaitl wins face-off versus Melker Karlsson in neutral zone.
4:06 of 3rd period - Slapshot by Emerson Etem.
4:06 of 3rd period - Stopped by Anthony Stolarz without a rebound.
4:07 of 3rd period - Melker Karlsson wins face-off versus Leon Draisaitl in Mustangs zone.
4:18 of 3rd period - Wrist shot by Matt Calvert.
4:18 of 3rd period - Shot Blocked by Roman Josi.
4:20 of 3rd period - Snap shot by Emerson Etem.
4:20 of 3rd period - Stopped by Anthony Stolarz with a rebound.
4:22 of 3rd period - Snap shot by Emerson Etem.
4:22 of 3rd period - Stopped by Anthony Stolarz with a rebound.
4:24 of 3rd period - Wrist shot by Leon Draisaitl.
4:24 of 3rd period - Stopped by Anthony Stolarz without a rebound.
4:25 of 3rd period - Stefan Matteau wins face-off versus Christian Hanson in Mustangs zone.
4:32 of 3rd period - Ondrej Kase is hit by Roman Josi and loses puck.
4:37 of 3rd period - Snap shot by Stefan Matteau.
4:37 of 3rd period - Stopped by Thomas Greiss without a rebound.
4:38 of 3rd period - Melker Karlsson wins face-off versus Leon Draisaitl in River Frogs zone.
4:43 of 3rd period - Snap shot by Melker Karlsson.
4:43 of 3rd period - Stopped by Thomas Greiss without a rebound.
4:44 of 3rd period - Melker Karlsson wins face-off versus Leon Draisaitl in River Frogs zone.
5:57 of 3rd period - Joakim Nordstrom is hit by Ryan Pulock and loses puck.
6:14 of 3rd period - Melker Karlsson is hit by Matt Calvert and loses puck.
6:33 of 3rd period - Ondrej Kase is hit by Max Gortz and loses puck.
6:40 of 3rd period - Stefan Matteau is hit by Anthony Bitetto and loses puck.
6:55 of 3rd period - Slapshot by Shea Theodore.
6:55 of 3rd period - Shot Blocked by Stefan Matteau.
6:57 of 3rd period - Wrist shot by Jared Knight.
6:57 of 3rd period - Shot Blocked by Ryan Pulock.
6:59 of 3rd period - Slapshot by Dillon Heatherington.
6:59 of 3rd period - Deflect By Austin Watson.
6:59 of 3rd period - Stopped by Anthony Stolarz with a rebound.
7:01 of 3rd period - Slapshot by Shea Theodore.
7:01 of 3rd period - Stopped by Anthony Stolarz with a rebound.
7:03 of 3rd period - Slapshot by Jared Knight.
7:03 of 3rd period - Shot Misses the Net.
7:50 of 3rd period - Slapshot by Justin Florek.
7:50 of 3rd period - Shot Blocked by Alexei Marchenko.
7:56 of 3rd period - Ondrej Kase is hit by Melker Karlsson and loses puck.
8:25 of 3rd period - Slapshot by Jonathan Drouin.
8:25 of 3rd period - Stopped by Thomas Greiss without a rebound.
8:26 of 3rd period - Leon Draisaitl wins face-off versus Alex Tuch in River Frogs zone.
8:33 of 3rd period - Snap shot by Leon Draisaitl.
8:33 of 3rd period - Shot Misses the Net.
8:52 of 3rd period - Curtis Hamilton is hit by Ryan Fitzgerald and loses puck.
8:57 of 3rd period - Slapshot by Shea Theodore.
8:57 of 3rd period - Stopped by Anthony Stolarz with a rebound.
8:59 of 3rd period - Snap shot by Dillon Heatherington.
8:59 of 3rd period - Stopped by Anthony Stolarz with a rebound.
9:03 of 3rd period - Wrist shot by Ryan Fitzgerald.
9:03 of 3rd period - Stopped by Anthony Stolarz without a rebound.
9:04 of 3rd period - Stefan Matteau wins face-off versus Leon Draisaitl in Mustangs zone.
9:33 of 3rd period - Matthew Finn is hit by David Kolomatis and loses puck.
9:52 of 3rd period - Slapshot by Shea Theodore.
9:52 of 3rd period - Shot Misses the Net.
9:54 of 3rd period - Slapshot by Borna Rendulic.
9:54 of 3rd period - Stopped by Anthony Stolarz without a rebound.
9:55 of 3rd period - Jared Knight wins face-off versus Melker Karlsson in Mustangs zone.
9:58 of 3rd period - Snap shot by Borna Rendulic.
9:58 of 3rd period - Stopped by Anthony Stolarz without a rebound.
9:59 of 3rd period - Melker Karlsson wins face-off versus Leon Draisaitl in Mustangs zone.
10:24 of 3rd period - Max Gortz is hit by Ondrej Kase and loses puck.
10:39 of 3rd period - Anthony Bitetto is hit by Max Gortz and loses puck.
11:18 of 3rd period - Snap shot by Melker Karlsson.
11:18 of 3rd period - Deflect By Leon Draisaitl.
11:18 of 3rd period - Stopped by Thomas Greiss with a rebound.
11:40 of 3rd period - Backhand shot by Roman Josi.
11:40 of 3rd period - Stopped by Thomas Greiss without a rebound.
11:41 of 3rd period - Matt Calvert wins face-off versus Stefan Matteau in River Frogs zone.
12:54 of 3rd period - Snap shot by Richard Nejezchleb.
12:54 of 3rd period - Shot Misses the Net.
12:56 of 3rd period - Snap shot by Richard Nejezchleb.
12:56 of 3rd period - Shot Blocked by Matthew Finn.
12:58 of 3rd period - Snap shot by Ryan Fitzgerald.
12:58 of 3rd period - Deflect By Matthew Finn.
12:58 of 3rd period - Stopped by Anthony Stolarz with a rebound.
13:30 of 3rd period - Snap shot by Christian Hanson.
13:30 of 3rd period - Shot Misses the Net.
13:32 of 3rd period - Snap shot by Christian Hanson.
13:32 of 3rd period - Stopped by Anthony Stolarz without a rebound.
13:33 of 3rd period - Christian Hanson wins face-off versus Melker Karlsson in Mustangs zone.
14:19 of 3rd period - Leon Draisaitl is hit by Iven Barbashev and loses puck.
14:51 of 3rd period - Melker Karlsson is hit by Matt Calvert.
15:08 of 3rd period - Leon Draisaitl is hit by Matthew Finn and loses puck.
15:49 of 3rd period - Jared Knight is hit by Josh Jooris and loses puck.
15:54 of 3rd period - Wrist shot by Josh Jooris.
15:54 of 3rd period - Stopped by Thomas Greiss without a rebound.
15:55 of 3rd period - Christian Hanson wins face-off versus Melker Karlsson in River Frogs zone.
17:20 of 3rd period - Minor Penalty to Justin Florek for Hooking.
17:21 of 3rd period - Christian Hanson wins face-off versus Melker Karlsson in River Frogs zone.
18:37 of 3rd period - Melker Karlsson is hit by Joakim Nordstrom and loses puck.
18:50 of 3rd period - Emerson Etem is hit by Matthew Finn and loses puck.
19:20 of 3rd period - Penalty to Justin Florek is over, Justin Florek is back on ice.
19:34 of 3rd period - Snap shot by Leon Draisaitl.
19:34 of 3rd period - Shot Blocked by Nick Schmaltz.
19:36 of 3rd period - Wrist shot by Leon Draisaitl.
19:36 of 3rd period - Shot Misses the Net.
19:38 of 3rd period - Snap shot by Leon Draisaitl.
19:38 of 3rd period - Stopped by Anthony Stolarz with a rebound.
19:40 of 3rd period - Snap shot by Dillon Heatherington.
19:40 of 3rd period - Stopped by Anthony Stolarz with a rebound.
Goals for this period are 0 for Mustangs vs 2 for River Frogs.
Shots for this period are 7 for Mustangs vs 18 for River Frogs.
Overtime #1
0:01 of 1st overtime period - Christian Hanson wins face-off versus Melker Karlsson in neutral zone.
0:14 of 1st overtime period - Emerson Etem is hit by Alexei Marchenko and loses puck.
1:17 of 1st overtime period - Snap shot by Matt Calvert.
1:17 of 1st overtime period - Stopped by Anthony Stolarz without a rebound.
1:18 of 1st overtime period - Leon Draisaitl wins face-off versus Melker Karlsson in Mustangs zone.
1:23 of 1st overtime period - Wrist shot by Matt Calvert.
1:23 of 1st overtime period - Deflect By Leon Draisaitl.
1:23 of 1st overtime period - Shot Blocked by Alexei Marchenko.
1:23 of 1st overtime period - Puck is out of play.
1:24 of 1st overtime period - Christian Hanson wins face-off versus Melker Karlsson in Mustangs zone.
2:39 of 1st overtime period - Snap shot by Nick Schmaltz.
2:39 of 1st overtime period - Shot Blocked by Matt Calvert.
2:41 of 1st overtime period - Snap shot by Nick Schmaltz.
2:41 of 1st overtime period - Stopped by Thomas Greiss without a rebound.
2:42 of 1st overtime period - Nick Schmaltz wins face-off versus Leon Draisaitl in River Frogs zone.
2:45 of 1st overtime period - Snap shot by Nick Schmaltz.
2:45 of 1st overtime period - Goal by Nick Schmaltz - Mustangs : 4 - River Frogs : 3.
Goals for this period are 1 for Mustangs vs 0 for River Frogs.
Shots for this period are 2 for Mustangs vs 1 for River Frogs.
Back to the Top